Map: Glittering Ashes LE

Players

DPGrogue (Rogue) - Winner!

  • Race: Zerg Zerg

ShoWTimE

  • Race: Protoss Protoss

Event: TSL 8

VOD

Have the link to the VOD?

Description

Time

  • Played on: Dec. 3, 2021, 10:38 a.m.
  • Length: 9:45

All games in this series

Show
View Real Time Build Order
Export as new Build Order

DPGrogue Zerg - Winner!

Build Orders: Hatch First 

Get SALT Encoding   

  12  0:00  Drone  
  13  0:12  Overlord  
  13  0:16  Drone  
  14  0:30  Drone  
  15  0:43  Hatchery  
  15  0:47  Drone  
  15  0:51  Drone  
  15  0:55  Drone  
  17  0:58  Drone  
  18  1:09  Extractor  
  17  1:14  Spawning Pool  
  17  1:16  Drone  
  17  1:20  Drone  
  18  1:30  Drone  
  19  1:41  Drone  
  20  1:52  Overlord  
  20  2:00  Queen x2  
  24  2:01  Zergling x2  
  24  2:03  Zergling x2  
  24  2:08  Drone  
  27  2:13  Drone  
  27  2:14  Metabolic Boost  
  28  2:20  Drone  
  29  2:26  Drone  
  29  2:28  Drone  
  31  2:36  Drone  
  32  2:40  Hatchery  
  31  2:47  Queen  
  33  2:51  Overlord  
  33  2:56  Zergling x4  
  35  2:58  Zergling x2  
  36  3:13  Zergling x2  
  36  3:14  Drone x5  
  36  3:18  Queen  
  44  3:26  Drone  
  44  3:28  Spore Crawler  
  44  3:30  Drone, Spore Crawler  
  43  3:38  Spore Crawler  
  43  3:42  Drone  
  43  3:45  Overlord  
  44  3:52  Drone x5  
  44  3:53  Drone  
  50  4:00  Queen  
  49  4:04  Drone  
  49  4:05  Drone x2  
  51  4:10  Queen  
  51  4:16  Drone x5, Spore Crawler  
  57  4:21  Overlord  
  57  4:23  Overlord  
  57  4:27  Overlord  
  57  4:33  Lair  
  57  4:36  Overlord  
  57  4:41  Drone x3  
  57  4:42  Drone x2  
  57  4:45  Zergling x6  
  65  4:47  Drone x2  
  65  4:48  Drone  
  65  4:51  Drone x2  
  70  4:53  Drone  
  70  4:56  Zergling x6  
  74  5:00  Drone x2  
  74  5:03  Zergling x2  
  77  5:08  Drone  
  77  5:09  Drone  
  77  5:11  Overlord  
  77  5:12  Drone x2, Extractor  
  77  5:13  Drone  
  77  5:14  Extractor  
  79  5:16  Extractor  
  79  5:17  Extractor x2  
  79  5:19  Overlord  
  79  5:20  Evolution Chamber  
  75  5:24  Drone  
  75  5:25  Overlord  
  75  5:27  Overlord  
  74  5:29  Overlord  
  74  5:35  Drone, Spire  
  73  5:37  Drone  
  73  5:38  Drone x3  
  73  5:42  Drone x2  
  79  5:46  Drone  
  79  5:47  Drone x4  
  83  5:54  Roach Warren  
  83  5:56  Zerg Melee Weapons Level 1  
  81  5:58  Drone x2  
  81  6:01  Zergling x4  
  85  6:05  Zergling x8  
  85  6:10  Zergling x6  
  91  6:15  Zergling x8  
  91  6:16  Zergling x2  
  91  6:17  Drone  
  96  6:25  Hatchery  
  95  6:38  Drone  
  95  6:39  Drone x2  
  95  6:41  Overlord  
  95  6:42  Overlord  
  95  6:50  Mutalisk x8  
  107  6:54  Zerg Flyer Weapons Level 1  
  107  6:58  Mutalisk x2  
  106  7:03  Drone x5  
  106  7:05  Drone  
  109  7:08  Mutalisk  
  109  7:09  Mutalisk  
  109  7:13  Drone  
  109  7:14  Drone  
  115  7:16  Mutalisk  
  115  7:17  Overlord  
  115  7:19  Drone x2  
  115  7:22  Extractor x2  
  118  7:24  Drone  
  118  7:25  Drone x4  
  122  7:32  Mutalisk x2  
  122  7:33  Mutalisk  
  122  7:34  Overlord  
  128  7:38  Overlord  
  128  7:40  Zergling x6, Overlord  
  128  7:44  Overlord  
  131  7:47  Mutalisk x2  
  131  7:50  Zergling x2  
  131  7:51  Zergling x8  
  140  7:52  Zergling x2  
  140  7:54  Overlord  
  141  8:04  Mutalisk x3  
  147  8:06  Zergling x2  
  147  8:07  Zergling x6  
  147  8:09  Mutalisk  
  154  8:12  Zergling x2  
  154  8:13  Zergling x4  
  154  8:15  Mutalisk  
  154  8:17  Zergling x2  
  158  8:22  Mutalisk x2  
  158  8:25  Zergling x6  
  150  8:27  Mutalisk  
  150  8:32  Hatchery  
  150  8:33  Mutalisk  
  149  8:36  Zergling x2  
  149  8:37  Zergling x8  
  149  8:40  Mutalisk  
  156  8:47  Mutalisk  
  156  8:48  Mutalisk  
  154  8:50  Zergling x6  
  154  8:51  Zergling x12  
  154  8:55  Mutalisk x2  
  159  9:05  Mutalisk  
  159  9:06  Mutalisk  
  159  9:09  Zergling x16  
  162  9:15  Mutalisk x2  
  155  9:18  Zergling x12  
  155  9:21  Mutalisk  
Show
View Real Time Build Order
Export as new Build Order

ShoWTimE Protoss 

Build Orders: 1 Gate Expand, Oracle Opening, Phoenix Opening, Zealot Archon 

Get SALT Encoding   

  12  0:00  Probe  
  13  0:12  Probe  
  14  0:19  Pylon  
  14  0:24  Probe  
  15  0:37  Probe (Chrono Boost)  
  15  0:41  Gateway  
  16  0:46  Probe (Chrono Boost)  
  16  0:47  Assimilator  
  17  0:51  Probe (Chrono Boost)  
  18  1:03  Probe  
  19  1:15  Probe  
  20  1:25  Nexus  
  20  1:32  Cybernetics Core  
  20  1:35  Probe  
  21  1:41  Assimilator  
  21  1:47  Probe  
  21  1:51  Pylon  
  22  1:59  Probe  
  23  2:06  Adept (Chrono Boost)  
  23  2:11  Probe  
  26  2:19  Stargate  
  26  2:24  Probe  
  26  2:26  Adept (Chrono Boost)  
  29  2:34  Warp Gate  
  31  2:37  Probe (Chrono Boost)  
  31  2:41  Probe (Chrono Boost)  
  31  2:46  Probe (Chrono Boost)  
  31  2:49  Adept  
  31  2:50  Probe (Chrono Boost)  
  35  2:51  Probe (Chrono Boost)  
  35  2:57  Pylon  
  36  3:00  Probe  
  36  3:03  Oracle (Chrono Boost)  
  37  3:08  Probe  
  37  3:12  Probe  
  42  3:18  Adept  
  44  3:20  Probe  
  44  3:24  Probe  
  44  3:32  Probe  
  43  3:36  Probe  
  44  3:44  Nexus, Probe  
  44  3:47  Gateway  
  45  3:50  Probe  
  45  3:55  Phoenix (Chrono Boost)  
  48  3:56  Probe  
  49  4:03  Assimilator, Probe  
  49  4:06  Pylon  
  49  4:07  Assimilator  
  50  4:11  Probe  
  50  4:15  Oracle (Chrono Boost)  
  54  4:17  Nexus  
  54  4:20  Pylon  
  54  4:24  Probe  
  55  4:29  Adept  
  55  4:30  Probe  
  58  4:36  Robotics Facility, Probe  
  59  4:43  Probe, Forge  
  59  4:45  Adept  
  62  4:48  Probe  
  63  4:54  Gateway  
  63  4:55  Probe  
  63  4:59  Sentry  
  66  5:00  Probe, Pylon  
  67  5:07  Probe  
  67  5:10  Sentry  
  69  5:14  Probe (Chrono Boost), Protoss Ground Weapons Level 1 (Chrono Boost)  
  69  5:19  Probe (Chrono Boost)  
  70  5:28  Immortal  
  76  5:29  Probe x2 (Chrono Boost)  
  76  5:32  Probe (Chrono Boost), Shield Battery  
  76  5:33  Adept  
  76  5:34  Probe (Chrono Boost)  
  79  5:36  Probe  
  79  5:41  Pylon  
  79  5:42  Probe  
  81  5:45  Probe (Chrono Boost)  
  81  5:47  Twilight Council  
  81  5:48  Probe (Chrono Boost)  
  83  5:58  Probe (Chrono Boost)  
  83  5:59  Assimilator, Probe (Chrono Boost)  
  83  6:01  Probe (Chrono Boost)  
  83  6:02  Sentry  
  83  6:03  Assimilator  
  87  6:06  Probe (Chrono Boost)  
  87  6:07  Probe (Chrono Boost)  
  87  6:08  Probe (Chrono Boost), Pylon  
  87  6:10  Observer  
  91  6:12  Probe  
  91  6:14  Gateway  
  91  6:15  Probe  
  93  6:18  Probe  
  93  6:19  Photon Cannon  
  93  6:24  Probe  
  93  6:25  Pylon  
  95  6:27  Probe  
  95  6:29  Charge  
  95  6:30  Probe  
  95  6:31  Templar Archives  
  97  6:36  Probe  
  97  6:39  Probe  
  99  6:47  Warp Prism (Chrono Boost)  
  99  6:49  Gateway x2  
  99  6:52  Gateway x2  
  99  6:54  Zealot  
  99  6:55  Zealot  
  99  6:59  Zealot  
  103  7:08  Probe  
  103  7:14  Gateway  
  103  7:15  Photon Cannon  
  104  7:16  Photon Cannon  
  104  7:19  Photon Cannon  
  104  7:21  High Templar x2  
  108  7:25  Archon  
  108  7:33  Pylon  
  108  7:35  Pylon  
  108  7:41  Nexus  
  108  7:43  Pylon  
  109  7:46  Pylon  
  109  7:47  Stalker  
  109  7:48  Pylon  
  104  7:52  Stalker x5  
  113  8:00  Phoenix  
  113  8:02  Pylon x2  
  113  8:05  Pylon  
  111  8:13  Stalker x3  
  111  8:14  Pylon  
  117  8:25  Stalker x2, Phoenix (Chrono Boost)  
  103  8:39  Stalker x4  
  108  8:44  Phoenix (Chrono Boost)  
  104  8:55  Zealot x4  
  106  9:03  Shield Battery  
  106  9:12  Stalker  
  106  9:13  Stalker x4  
  106  9:21  Pylon  
Tags
 
Add a new tag
Caveats
  • Supply blocks, unpowered buildings, or Contaminate may cause inaccurate times.
  • Supply counts are checked every 10 seconds.